 Dungeon Crawl Stone Soup version 0.22-a0-587-g7d32d7c (webtiles) character file.

5889 vinnietd the Brawler (level 10, 0/88 HPs)
             Began as a Troll Monk on July 3, 2018.
             Was an Elder of Wu Jian.
             Slain by a wolf (10 damage)
             ... on level 9 of the Dungeon.
             The game lasted 00:14:23 (6793 turns).

vinnietd the Brawler (Troll Monk)                   Turns: 6793, Time: 00:14:24

Health: 0/88       AC:  5    Str: 18 (21) XL:     10   Next: 53%
Magic:  9/9        EV: 10    Int:  5 (6)  God:    Wu Jian [****..]
Gold:   452        SH:  4    Dex: 13 (15) Spells: 9/9 levels left

rFire    . . .     SeeInvis .     - Unarmed
rCold    + . .     Gourm    +   (no shield)
rNeg     . . .     Faith    .   a - +0 robe
rPois    .         Spirit   .   (helmet restricted)
rElec    .         Reflect  .   (no cloak)
rCorr    .         Harm     .   (gloves unavailable)
MR       .....                  (boots unavailable)
Stlth    +.........             (no amulet)
HPRegen  0.64/turn              u - ring of protection from cold
MPRegen  0.11/turn              (no ring)

@: serpent's lash
A: large, unfitting armour, claws 3, hooves 1, horns 1, large bone plates 1,
fast metabolism 3, gourmand, regeneration 1, shaggy fur 1, tough skin 2, no
potion heal 1
a: Wall Jump, Serpent's Lash, Renounce Religion


You were on level 9 of the Dungeon.
You worshipped Wu Jian.
Wu Jian was greatly pleased with you.
You were not hungry.

You visited 2 branches of the dungeon, and saw 10 of its levels.

You collected 452 gold pieces.

Inventory:

Missiles
 h - 203 stones (quivered)
Armour
 a - a +0 robe (worn)
Jewellery
 f - an uncursed amulet of harm
 q - an uncursed ring of protection from cold
 u - a ring of protection from cold (left claw)
Wands
 v - a wand of disintegration (5)
Scrolls
 e - 2 scrolls of amnesia
 i - a scroll of identify {@r1}
 j - a scroll of teleportation
 k - a scroll of magic mapping
 m - a scroll of blinking
 n - a scroll of fear
Potions
 d - 2 potions of mutation {!q}
 g - 3 potions of haste
 o - 2 potions of curing {@q1}
 p - a potion of flight
 w - 2 potions of lignification
Comestibles
 b - 17 rations
 c - a chunk of flesh


   Skills:
 - Level 2.4 Fighting
 - Level 2.4 Dodging
 - Level 1.0 Stealth
 + Level 15.2 Unarmed Combat


You had 9 spell levels left.
You didn't know any spells.
Your spell library contained the following spells:

 Spells                   Type           Power        Failure   Level  Hunger
 Apportation              Tloc           #.....       47%         1    ##.....
 Summon Small Mammal      Summ           #...         47%         1    ##.....
 Animate Skeleton         Necr           N/A          47%         1    ##.....
 Confusing Touch          Hex            #.....       47%         1    ##.....


Dungeon Overview and Level Annotations

Branches:
Dungeon (9/15)             Temple (1/1) D:4            Lair (0/6) D:9
    Orc: D:9-12

Altars:
Ashenzari
Cheibriados
Dithmenos
Elyvilon
Fedhas
Gozag
Hepliaklqana
Kikubaaqudgha
Makhleb
Nemelex Xobeh
Okawaru
Qazlal
Ru
Sif Muna
Trog
Vehumet
Wu Jian
Xom
Yredelemnul
Zin
The Shining One

Annotations:
D:5 Prince Ribbit


Innate Abilities, Weirdness & Mutations

You are too large for most types of armour.
You have claws for hands.
Your metabolism is lightning-fast.
You like to eat raw meat.
Your natural rate of healing is unusually fast.
You are covered in fur. (AC +1)
You have very tough skin. (AC +2)
You have large cloven feet.
You have a pair of small horns on your head.
You are partially covered in large bone plates. (SH +4)
Potions are less effective at restoring your health.


Message History

The wolf bites you.
* * * LOW HITPOINT WARNING * * *
The black bear bites you but does no damage.
The black bear claws you.
* * * LOW HITPOINT WARNING * * *
The black bear claws you.
* * * LOW HITPOINT WARNING * * *
The basilisk gazes at you. The wolf bites you but does no damage.
The black bear bites you.
* * * LOW HITPOINT WARNING * * *
The black bear claws you. x2
You turn to flesh and can move again.
Use which ability? (? or * to list)
Your muscles tense, ready for explosive movement...
You scratch the black bear.
You kill the black bear!
The Council accepts your kill.
The wolf stops to sniff the ground.
The wolf bites you!
You die...

#...# #..# . #...# #..#
.. #####...# #..###...
........#####........
.............).......
............).......
##.......).######.
#...###<[.# #...#
#.@.#####
#########...###lh.......
........................
...............[........
.............###........
......#####..# #........
......# #..# #........
......#####..###........
..........h............


You could see a basilisk and a wolf.

Vanquished Creatures
  3 two-headed ogres (D:8)
  An efreet (D:8)
  A troll (D:8)
  5 yaks (D:9)
  3 porcupines (D:8)
  3 sky beasts
  2 ice beasts
  2 black bears
  4 ogres
  A wolf (D:9)
  3 centaurs
  A gnoll sergeant (D:6)
  3 scorpions
  8 crimson imps
  5 hounds
  A jelly (D:8)
  A centaur zombie (D:6)
  4 orc wizards
  5 worker ants
  A hound skeleton (D:5)
  8 gnolls
  7 adders
  An ooze (D:3)
  An adder skeleton (D:4)
  3 worms
  A dart slug (D:1)
  2 leopard geckos
  29 orcs
  2 ball pythons
  7 bats
  3 giant cockroaches
  4 goblins
  5 hobgoblins
  17 jackals
  7 kobolds
  6 quokkas
  A frilled lizard (D:4)
  A jackal zombie (D:5)
  A leopard gecko skeleton (D:3)
  3 quokka skeletons
  12 rats
178 creatures vanquished.

Vanquished Creatures (others)
  A fungus (D:9)
1 creature vanquished.

Grand Total: 179 creatures vanquished

Notes
Turn   | Place    | Note
-------+----------+-------------------------------------------
     0 | D:1      | vinnietd the Troll Monk began the quest for the Orb.
     0 | D:1      | Reached XP level 1. HP: 22/22 MP: 0/0
   315 | D:1      | Reached XP level 2. HP: 29/29 MP: 1/1
   748 | D:2      | Reached skill level 4 in Unarmed Combat
   756 | D:2      | Reached XP level 3. HP: 27/36 MP: 2/2
   966 | D:2      | Found a bloodstained altar of Trog.
  1192 | D:2      | Reached XP level 4. HP: 42/44 MP: 3/3
  1692 | D:2      | Reached skill level 5 in Unarmed Combat
  1815 | D:3      | Found a burning altar of Makhleb.
  1961 | D:3      | Reached XP level 5. HP: 45/50 MP: 4/4
  1974 | D:3      | Reached skill level 6 in Unarmed Combat
  2248 | D:3      | Found a glowing silver altar of Zin.
  2253 | D:3      | Noticed an ice beast
  2266 | D:3      | Killed an ice beast
  2266 | D:3      | Reached XP level 6. HP: 59/59 MP: 5/5
  2476 | D:4      | Reached skill level 7 in Unarmed Combat
  2889 | D:4      | Found a staircase to the Ecumenical Temple.
  2901 | Temple   | Entered the Ecumenical Temple
  2992 | Temple   | Became a worshipper of the Wu Jian Council
  2992 | Temple   | Reached * piety under Wu Jian
  2992 | Temple   | Reached ** piety under Wu Jian
  3108 | D:5      | Entered Level 5 of the Dungeon
  3116 | D:5      | Gained mutation: You are partially covered in large bone plates. (SH +4) [potion of mutation]
  3116 | D:5      | Gained mutation: Potions are less effective at restoring your health. [potion of mutation]
  3116 | D:5      | Gained mutation: You have large cloven feet. [potion of mutation]
  3116 | D:5      | Gained mutation: You have a pair of small horns on your head. [potion of mutation]
  3212 | D:5      | Noticed an ice beast
  3220 | D:5      | Killed an ice beast
  3220 | D:5      | Reached skill level 8 in Unarmed Combat
  3220 | D:5      | Reached XP level 7. HP: 66/66 MP: 6/6
  3243 | D:5      | Found a stormy altar of Qazlal.
  3328 | D:5      | Reached skill level 9 in Unarmed Combat
  3644 | D:5      | Reached XP level 8. HP: 74/74 MP: 7/7
  3688 | D:5      | Noticed Prince Ribbit
  3689 | D:5      | Reached skill level 10 in Unarmed Combat
  3763 | D:5      | Found a shattered altar of Ashenzari.
  3903 | D:6      | Reached *** piety under Wu Jian
  4108 | D:6      | Reached skill level 11 in Unarmed Combat
  4455 | D:6      | Found a snail-covered altar of Cheibriados.
  4457 | D:6      | Found an ancient bone altar of Kikubaaqudgha.
  5043 | D:7      | Reached XP level 9. HP: 49/80 MP: 8/8
  5106 | D:7      | Found an iron altar of Okawaru.
  5139 | D:7      | Found a sparkling altar of Nemelex Xobeh.
  5461 | D:8      | Noticed a two-headed ogre
  5491 | D:8      | Killed a two-headed ogre
  5491 | D:8      | Reached skill level 12 in Unarmed Combat
  5562 | D:8      | Noticed a two-headed ogre
  5570 | D:8      | Killed a two-headed ogre
  5570 | D:8      | Reached skill level 13 in Unarmed Combat
  5581 | D:8      | Noticed an efreet
  5610 | D:8      | Killed an efreet
  5953 | D:8      | Noticed a troll
  5960 | D:8      | Noticed a two-headed ogre
  5961 | D:8      | Killed a troll
  5961 | D:8      | Reached skill level 14 in Unarmed Combat
  5961 | D:8      | Reached XP level 10. HP: 88/88 MP: 9/9
  5972 | D:8      | Killed a two-headed ogre
  6086 | D:8      | Found a white marble altar of Elyvilon.
  6362 | D:9      | Reached **** piety under Wu Jian
  6528 | D:9      | Found a staircase to the Lair.
  6543 | D:9      | Reached skill level 15 in Unarmed Combat
  6793 | D:9      | Slain by a wolf

Vault maps used:
D:1:      nicolae_arrival_washed_ashore
D:2:      bloody_trog, hex_tiny, minmay_crystal_water
D:3:      nicolae_overflow_crystal_walls, makhleb_heckhound_becter,
          first_ration, grunt_ministairs_11
D:4:      minmay_temple_entry_poolview
D:5:      nicolae_qazlal_general_emergency, cheibrodos_ashenzari_chains,
          hangedman_decor_peaks_small, uniq_prince_ribbit1
D:6:      gammafunk_temple_overflow_statue
D:7:      nemelex_xobeh_ov_fountains_minmay, okawaru_gym_becter
D:8:      elyvilon_altar_3
D:9:      overflow_temple_1_default, minmay_lair_entry_grove,
          blue_anna_alchemist, nrook_uturn, minmay_lindwurm_lava
Temple:   jpeg_temple_clearing

Skill      XL: |  1  2  3  4  5  6  7  8  9 10 |
---------------+-------------------------------+-----
Unarmed Combat | 4 5 6 8 9 11 14 15 | 15.2
Fighting       | |  2.4
Dodging        | |  2.4
Stealth        | |  1.0

Action                   |  1- 3 |  4- 6 |  7- 9 | 10-12 || total
-------------------------+-------+-------+-------+-------++-------
Melee: Unarmed           |    89 |   150 |   151 |    59 ||   449
       Punch             |     1 |     1 |     8 |     6 ||    16
       Kick              |       |     9 |    39 |    14 ||    62
       Headbutt          |       |     3 |    31 |    15 ||    49
Throw: Stone             |    13 |       |       |       ||    13
Invok: Lunge             |       |     2 |    14 |       ||    16
       Wall Jump         |       |     1 |    12 |     6 ||    19
       Whirlwind         |       |     1 |     8 |     9 ||    18
       Serpent's Lash    |       |       |     2 |     2 ||     4
Evoke: Wand              |       |       |     4 |       ||     4
  Use: Potion            |       |     6 |     1 |     3 ||    10
       Scroll            |       |     6 |     4 |       ||    10
 Stab: Sleeping          |     4 |     4 |     2 |       ||    10
  Eat: Chunk             |    14 |    19 |    19 |    11 ||    63
Armor: Robe              |    32 |    41 |    21 |    28 ||   122
Dodge: Dodged            |    64 |    76 |    38 |    23 ||   201
Block: Other             |       |       |    17 |     7 ||    24

Table legend:
 A = Spawn XP
 B = Non-spawn XP
 C = Spawn XP percentage of total XP
 D = Spawn monster count
 E = Non-spawn monster count
 F = Spawn count percentage of total count
 G = Total turns spent on level
                    A         B        C        D         E        F      G
               +---------+---------+-------+---------+---------+-------+---------
         Total |       0 |    8414 |   0.0 |       0 |     178 |   0.0 |  6793
               +---------+---------+-------+---------+---------+-------+---------
           D:1 |       0 |      25 |   0.0 |       0 |      15 |   0.0 |   665
           D:2 |       0 |      91 |   0.0 |       0 |      29 |   0.0 |  1039
           D:3 |       0 |     284 |   0.0 |       0 |      26 |   0.0 |   723
           D:4 |       0 |     151 |   0.0 |       0 |      16 |   0.0 |   578
           D:5 |       0 |    1060 |   0.0 |       0 |      28 |   0.0 |   759
           D:6 |       0 |     972 |   0.0 |       0 |      28 |   0.0 |   801
           D:7 |       0 |     301 |   0.0 |       0 |       7 |   0.0 |   732
           D:8 |       0 |    4243 |   0.0 |       0 |      18 |   0.0 |  1188
           D:9 |       0 |    1287 |   0.0 |       0 |      11 |   0.0 |   205
               +---------+---------+-------+---------+---------+-------+---------
